 Dungeon Crawl Stone Soup version 0.28.0-45-g0d030f2227 (webtiles) character file.

Game seed: 11143491349791516367

72 NinjaNoafa the Vexing (level 4, -1/34 HPs)
             Began as a Gnoll Arcane Marksman on Apr 4, 2022.
             Slain by a black bear (4 damage)
             ... on level 3 of the Dungeon.
             The game lasted 00:08:26 (2892 turns).

NinjaNoafa the Vexing (Gnoll Arcane Marksman)       Turns: 2892, Time: 00:08:26

Health: -1/34      AC:  2    Str:  9    XL:     4   Next: 26%
Magic:  8/8        EV: 13    Int: 15    God:
Gold:   104        SH:  0    Dex: 12    Spells: 8/9 levels left

rFire   . . .      SeeInvis .   h - +2 hand axe (pain)
rCold   . . .      Faith    .   (no shield)
rNeg    . . .      Spirit   .   d - +0 robe
rPois   +          Reflect  .   (no helmet)
rElec   .          Harm     .   (no cloak)
rCorr   .          Rampage  .   (no gloves)
Will    .....                   (no boots)
Stlth   ++........              (no amulet)
HPRegen 0.11/turn               i - ring of poison resistance
MPRegen 0.11/turn               (no ring)

@: mighty, invisible
A: fangs 1, strong nose, distributed training
a: no special abilities


You were on level 3 of the Dungeon.
You visited 1 branch of the dungeon, and saw 3 of its levels.

You collected 104 gold pieces.

Inventory:

Hand Weapons
 a - a +0 hunting sling
 h - a +2 hand axe of pain (weapon)
 l - a +1 dagger of speed
Missiles
 c - 35 sling bullets
 e - 68 stones (quivered)
Armour
 d - a +0 robe (worn)
Jewellery
 i - a ring of poison resistance (left hand)
Scrolls
 b - 2 scrolls of magic mapping {unknown}
 f - a scroll of identify {unknown}
Potions
 k - 2 potions of curing {unknown}


   Skills:
 + Level 2.7 Fighting
 + Level 1.1 Short Blades
 + Level 1.1 Long Blades
 + Level 1.1 Axes
 + Level 1.1 Maces & Flails
 + Level 1.1 Polearms
 + Level 1.1 Staves
 + Level 4.6 Slings
 + Level 1.1 Bows
 + Level 1.1 Crossbows
 + Level 1.1 Throwing
 + Level 1.1 Armour
 + Level 4.6 Dodging
 + Level 1.1 Stealth
 + Level 1.1 Shields
 + Level 1.1 Unarmed Combat
 + Level 3.0 Spellcasting
 + Level 0.8 Conjurations
 + Level 5.4 Hexes
 + Level 0.8 Summonings
 + Level 0.8 Necromancy
 + Level 0.8 Translocations
 + Level 0.8 Transmutations
 + Level 0.8 Fire Magic
 + Level 0.8 Ice Magic
 + Level 0.8 Air Magic
 + Level 0.8 Earth Magic
 + Level 0.8 Poison Magic
 + Level 1.2 Invocations
 + Level 1.1 Evocations


You had 8 spell levels left.
You knew the following spells:

 Your Spells              Type           Power      Damage    Failure   Level
a - Slow                  Hex            72%        N/A       2%          1

Your spell library contained the following spells:

 Spells                   Type           Power      Damage    Failure   Level
 Inner Flame              Hex/Fire       11%        N/A       16%         3
 Portal Projectile        Hex/Tloc       22%        N/A       16%         3
 Cause Fear               Hex            9%         N/A       22%         4


Dungeon Overview and Level Annotations

Branches:
Dungeon (3/15)

Altars:
Gozag

Annotations:
D:3 1 runed translucent door, GilGalad's ghost, amateur MfIE


Innate Abilities, Weirdness & Mutations

You have very sharp teeth.
Your uncanny sense of smell can sniff out nearby items.
Your experience applies equally to all skills.


Message History

There is an open door here.
There is an open door here.
A black bear comes into view.
Fire: 36 sling bullets
Press: ? - help, Q - select action, (/) - cycle Shift-Dir - straight line, f - black bear
Aim: a black bear (asleep, 98% to hit)
You shoot a sling bullet. The sling bullet hits the black bear.
The black bear is lightly wounded.
You have a feeling of ineptitude.
h - a +2 hand axe of pain (weapon)
You hit the black bear but do no damage.
Your bite misses the black bear.
The black bear is lightly wounded.
The black bear barely misses you. The black bear claws you. x2
You slash the black bear!
The black bear is moderately wounded.
The black bear bites you! The black bear closely misses you.
The black bear claws you but does no damage.
You hit the black bear.
You bite the black bear, but do no damage.
The black bear is heavily wounded.
The black bear bites you but does no damage.
The black bear barely misses you.
The black bear claws you but does no damage.
It was a potion of might.
You feel very mighty all of a sudden. The black bear barely misses you.
The black bear claws you but does no damage.
The black bear claws you.
You hit the black bear.
The black bear is severely wounded.
The black bear bites you! The black bear misses you. The black bear claws you.
* * * LOW HITPOINT WARNING * * *
The black bear bites you!
* * * LOW HITPOINT WARNING * * *
The black bear closely misses you. x2
It was a potion of invisibility.
You fade into invisibility!
The black bear bites you.
You die...

#......# #.#
#......######.#######
#....................
#.###########.#######
#.. ..#.....# ###
#(#.##### #.#.# #h#.#
#.@.# ###.# ###


You could see a black bear.

Vanquished Creatures
  An adder (D:2)
  2 dart slugs
  2 orcs (D:3)
  6 bats
  10 endoplasms
  4 giant cockroaches
  3 hobgoblins
  3 jackals (D:2)
  4 kobolds
  4 ball pythons
  5 frilled lizards
  3 goblins
  4 rats
51 creatures vanquished.

Notes
Turn   | Place    | Note
-------+----------+-------------------------------------------
     0 | D:1      | NinjaNoafa the Gnoll Arcane Marksman began the quest for
                  | the Orb.
     0 | D:1      | Reached XP level 1. HP: 17/17 MP: 4/4
   263 | D:1      | Reached XP level 2. HP: 23/23 MP: 5/5
   934 | D:1      | Reached XP level 3. HP: 14/28 MP: 7/7
  1594 | D:2      | Reached skill level 1 in Invocations
  1893 | D:2      | Found an opulent altar of Gozag.
  1989 | D:2      | Reached skill level 1 in Short Blades
  1989 | D:2      | Reached skill level 1 in Long Blades
  1989 | D:2      | Reached skill level 1 in Axes
  1989 | D:2      | Reached skill level 1 in Maces & Flails
  1989 | D:2      | Reached skill level 1 in Polearms
  1989 | D:2      | Reached skill level 1 in Staves
  1989 | D:2      | Reached skill level 1 in Bows
  1989 | D:2      | Reached skill level 1 in Crossbows
  1989 | D:2      | Reached skill level 1 in Throwing
  1989 | D:2      | Reached skill level 1 in Armour
  1989 | D:2      | Reached skill level 1 in Stealth
  1989 | D:2      | Reached skill level 1 in Shields
  1989 | D:2      | Reached skill level 1 in Unarmed Combat
  1989 | D:2      | Reached skill level 1 in Evocations
  1989 | D:2      | Reached XP level 4. HP: 19/34 MP: 8/8
  2777 | D:3      | Noticed GilGalad's ghost (amateur MfIE)
  2780 | D:3      | Found a runed translucent door.
  2884 | D:3      | Noticed a black bear
  2892 | D:3      | Slain by a black bear

Illustrated notes

Levels and vault maps discovered:
D:1:      dpeg_arrival_tiny_a, layout_basic
D:2:      layout_basic, basic_altar, minmay_misc_feat_roman
D:3:      layout_basic, hellmonk_ghost_happy_afterlife,
          shapermc_ecumenical_altar_rom_forum, minmay_misc_feat_chi,
          lightli_corner_chamber

Skill      XL: |  1  2  3  4 |
---------------+-------------+-----
Invocations    | 1 |  1.2
Short Blades   | 1 |  1.1
Long Blades    | 1 |  1.1
Axes           | 1 |  1.1
Maces & Flails | 1 |  1.1
Polearms       | 1 |  1.1
Staves         | 1 |  1.1
Bows           | 1 |  1.1
Crossbows      | 1 |  1.1
Throwing       | 1 |  1.1
Armour         | 1 |  1.1
Stealth        | 1 |  1.1
Shields        | 1 |  1.1
Unarmed Combat | 1 |  1.1
Evocations     | 1 |  1.1
Spellcasting   | 3 |  3.0
Fighting       | |  2.7
Slings         | |  4.6
Dodging        | |  4.6
Conjurations   | |  0.8
Hexes          | |  5.4
Summonings     | |  0.8
Necromancy     | |  0.8
Translocations | |  0.8
Transmutations | |  0.8
Fire Magic     | |  0.8
Ice Magic      | |  0.8
Air Magic      | |  0.8
Earth Magic    | |  0.8
Poison Magic   | |  0.8

Action                   |  1- 3 |  4- 6 || total
-------------------------+-------+-------++-------
Melee: Unarmed           |    34 |       ||    34
       Hunting sling     |     5 |       ||     5
       Bite              |     8 |     1 ||     9
       Hand axe          |     8 |     8 ||    16
 Fire: Hunting sling     |   117 |    19 ||   136
 Cast: Slow              |     4 |       ||     4
  Use: Potion            |       |     2 ||     2
 Stab: Sleeping          |       |     1 ||     1
Armor: Robe              |    12 |     5 ||    17
Dodge: Dodged            |    56 |     8 ||    64
